Map: Ephemeron LE

Players

herO

  • Race: Protoss Protoss
  • Spawn Location: 11:00

Classic - Winner!

  • Race: Protoss Protoss
  • Spawn Location: 5:00

Event: 2019 WCS Global FInals

VOD

Have the link to the VOD?

Description

Time

  • Played on: Oct. 26, 2019, 3:42 a.m.
  • Length: 6:06

All games in this series

Show
View Real Time Build Order
Export as new Build Order

herO Protoss 

Build Orders:  

Get SALT Encoding   

  12  0:00  Probe  
  13  0:12  Probe  
  14  0:17  Pylon  
  14  0:25  Probe (Chrono Boost)  
  15  0:37  Gateway, Probe (Chrono Boost)  
  16  0:44  Probe (Chrono Boost)  
  16  0:46  Assimilator  
  17  0:51  Probe  
  17  0:54  Assimilator  
  18  1:03  Probe (Chrono Boost)  
  19  1:09  Gateway  
  19  1:12  Probe (Chrono Boost)  
  19  1:17  Probe (Chrono Boost)  
  20  1:25  Cybernetics Core  
  21  1:29  Probe  
  22  1:34  Pylon  
  22  1:41  Probe  
  23  1:53  Probe  
  24  1:58  Warp Gate (Chrono Boost)  
  24  2:01  Stalker  
  26  2:03  Adept  
  26  2:06  Probe  
  29  2:11  Pylon  
  28  2:32  Stalker, Gateway  
  28  2:34  Stalker  
  32  2:45  Robotics Facility  
  31  2:56  Pylon  
  31  3:02  Gateway  
  31  3:16  Sentry x2  
  35  3:28  Nexus  
  35  3:31  Warp Prism (Chrono Boost)  
  37  3:41  Pylon  
  37  3:43  Probe  
  38  3:55  Probe  
  40  4:03  Observer  
  40  4:07  Robotics Bay  
  40  4:14  Adept x2  
  42  4:24  Immortal (Chrono Boost)  
  46  4:45  Pylon  
  46  4:47  Zealot x2  
  50  4:53  Disruptor (Chrono Boost)  
  53  5:10  Adept  
  51  5:15  Stalker  
  51  5:17  Gateway  
  47  5:33  Zealot  
  49  5:39  Pylon  
  42  5:52  Zealot  
  42  5:55  Gateway  
Show
View Real Time Build Order
Export as new Build Order

Classic Protoss - Winner!

Build Orders:  

Get SALT Encoding   

  12  0:00  Probe  
  13  0:12  Probe  
  14  0:17  Pylon  
  14  0:24  Probe  
  15  0:36  Gateway, Probe (Chrono Boost)  
  16  0:46  Assimilator, Probe (Chrono Boost)  
  17  0:51  Probe (Chrono Boost)  
  17  0:55  Assimilator  
  18  1:03  Probe (Chrono Boost)  
  19  1:13  Probe (Chrono Boost)  
  19  1:14  Gateway  
  19  1:18  Probe (Chrono Boost)  
  21  1:26  Cybernetics Core  
  21  1:30  Probe  
  22  1:38  Pylon  
  22  1:42  Probe  
  23  1:56  Probe  
  24  2:05  Sentry  
  24  2:06  Stalker  
  28  2:09  Warp Gate  
  28  2:14  Pylon  
  28  2:31  Stalker  
  28  2:36  Stalker  
  32  2:45  Robotics Facility  
  32  3:05  Shield Battery  
  32  3:13  Nexus  
  32  3:18  Sentry  
  34  3:25  Pylon  
  34  3:30  Immortal (Chrono Boost)  
  38  3:43  Gateway  
  38  3:59  Warp Prism (Chrono Boost)  
  40  4:03  Sentry x2  
  40  4:05  Probe  
  45  4:11  Pylon  
  45  4:37  Stalker x3  
  53  4:57  Stalker x2  
  54  5:02  Stalker  
  53  5:09  Probe x2  
  51  5:29  Adept  
  51  5:30  Adept x2  
  51  5:31  Probe x2 (Chrono Boost)  
  53  5:53  Stalker x3  
Tags
 
Add a new tag
Caveats
  • Supply blocks, unpowered buildings, or Contaminate may cause inaccurate times.
  • Supply counts are checked every 10 seconds.